 Dungeon Crawl Stone Soup version 0.31-a0-216-g22e908d (webtiles) character file.

Game seed: 5784255714562381022

504 lyrin the Magician (level 6, -1/54 HPs)
             Began as a Deep Elf Reaver on July 2, 2023.
             Killed from afar by Sigmund (7 damage)
             ... with a puff of flame
             ... on level 5 of the Dungeon.
             The game lasted 00:09:59 (4856 turns).

lyrin the Magician (Deep Elf Reaver)                Turns: 4856, Time: 00:10:00

Health: -1/54      AC:  5    Str: 13    XL:     6   Next: 96%
Magic:  0/15       EV: 14    Int: 20    God:
Gold:   290        SH:  0    Dex: 18    Spells: 9/14 levels left

rFire   . . .        p - +2 dagger (freeze)
rCold   + . .        (no shield)
rNeg    . . .        w - +1 robe "Gutaachi" {rPois Str+4 Dex+5}
rPois   +            (no helmet)
rElec   .            (no cloak)
rCorr   .            c - +0 pair of gloves
SInv    .            d - +0 pair of boots
Will    .....        (no amulet) Stlth
                     k - ring of protection from cold
HPRegen 0.29/turn    v - ring of wizardry
MPRegen 0.14/turn

%: wizardry (x1)
@: berserking, very quick
A: no striking features
a: no special abilities


You were on level 5 of the Dungeon.
You visited 1 branch of the dungeon, and saw 5 of its levels.

You collected 290 gold pieces.

Inventory:

Hand Weapons
 a - a +0 short sword
 j - a +1 dagger of flaming
 p - a +2 dagger of freezing (weapon)
Missiles
 s - 3 poisoned darts
Armour
 b - a +0 leather armour
 c - a +0 pair of gloves (worn)
 d - a +0 pair of boots (worn)
 w - the +1 robe "Gutaachi" (worn) {rPois Str+4 Dex+5}
   (You found it on level 5 of the Dungeon)

   Str:       It affects your strength (+4).
   Dex:       It affects your dexterity (+5).
   rPois:     It protects you from poison.
Jewellery
 k - a ring of protection from cold (left hand)
 t - an amulet of guardian spirit
 v - a ring of wizardry (right hand)
Scrolls
 e - 2 scrolls of identify {unknown}
 g - 2 scrolls of teleportation {unknown}
 h - a scroll of butterflies {unknown}
 i - 2 scrolls of enchant armour {unknown}
 q - 2 scrolls of blinking {unknown}
Potions
 f - 2 potions of degeneration {unknown}
 l - 2 potions of lignification {unknown}
 m - a potion of magic
 n - a potion of curing
 o - a potion of haste
 u - a potion of mutation {unknown}


   Skills:
 + Level 2.3 Fighting
 + Level 4.3 Short Blades
 + Level 2.4 Armour
 + Level 3.8 Dodging
 * Level 4.6 Spellcasting
 + Level 4.2 Conjurations
 * Level 2.5 Earth Magic


You had 9 spell levels left.
You knew the following spells:

 Your Spells              Type           Power      Damage    Failure   Level
a - Magic Dart            Conj           84%        1d7       1%          1
b - Stone Arrow           Conj/Erth      36%        3d9       3%          3
c - Kiss of Death         Conj/Necr      52%        2d9       1%          1

Your spell library contained the following spells:

 Spells                   Type           Power      Damage    Failure   Level
 Momentum Strike          Conj/Tloc      26%        3d8       3%          2
 Freeze                   Ice            16%        1d4       4%          1
 Hailstorm                Conj/Ice       13%        3d5       6%          3
 Call Imp                 Summ           8%         N/A       8%          2
 Cigotuvi's Dreadful Rot  Necr/Pois/Air  8%         N/A       8%          2
 Mephitic Cloud           Conj/Pois/Air  10%        N/A       9%          3
 Frozen Ramparts          Ice            8%         1d2       14%         3
 Ignite Poison            Fire/Tmut/Pois 4%         N/A       14%         3
 Ozocubu's Armour         Ice            4%         N/A       14%         3
 Animate Armour           Summ/Erth      18%        N/A       26%         4
 Freezing Cloud           Conj/Ice/Air   5%         6-21      56%         5
 Metabolic Englaciation   Hex/Ice        2%         N/A       75%         5
 Simulacrum               Ice/Necr       2%         N/A       99%         6
 Lehudib's Crystal Spear  Conj/Erth      9%         10d4      100%        8


Dungeon Overview and Level Annotations

Branches:
Dungeon (5/15)
 Temple: D:4-7

Altars:
Elyvilon
Trog
Uskayaw
Wu Jian

Shops:
D:1 *   D:2 (

Annotations:
D:4 1 runed translucent door, lyrin's ghost, amateur DsGl
D:5 Sigmund


Message History

Casting: Stone Arrow (dangerous; 3% risk of failure)
Confirm with . or Enter, or press ? or * to list all spells.
Okay, then.
Casting: Stone Arrow (dangerous; 3% risk of failure)
Confirm with . or Enter, or press ? or * to list all spells.
Aiming: Stone Arrow (dangerous; 3% risk of failure)
Press: ? - help, Shift-Dir - straight line Something hits you but does no damage.
Unknown command.
You hear some strange, mumbled words.
Something tries to affect you, but you resist.
A puff of flame appears from out of thin air!
The puff of flame hits you! Something hits you!
You hear some strange, mumbled words.
Something tries to affect you, but you resist.
Something hits you!
* * * LOW HITPOINT WARNING * * *
You feel better.
A magic dart appears from out of thin air!
The magic dart hits you.
* * * LOW HITPOINT WARNING * * *
Casting: Stone Arrow (dangerous; 3% risk of failure)
Confirm with . or Enter, or press ? or * to list all spells.
Aiming: Stone Arrow (dangerous; 3% risk of failure)
Press: ? - help, Shift-Dir - straight line The stone arrow hits something!
Something hits you.
* * * LOW HITPOINT WARNING * * *
Unknown command.
Okay, then.
You hear some strange, mumbled words.
Something tries to affect you, but you resist.
A red film seems to cover your vision as you go berserk!
You feel yourself moving faster!
You feel mighty!
A magic dart appears from out of thin air!
The magic dart hits you but does no damage.
You feel a strong urge to attack something.
A puff of flame appears from out of thin air!
The puff of flame hits you!
You die...

..≈≈≈≈≈..........# ...
.............##
#..##............##
#................# ##.
#...<....##...##
#....##.....##.......#
#............#.......##
.......................
...........#@......#...
................#......#
..............#.....#...
............{#....#.... ..
...........#...#...# .. ..
##...###......#..#..#
#@###..........#.#.#†#.#.#
#.........##...#†##.## #
.# ... #..........##.### #


There were no monsters in sight!

Vanquished Creatures
  An ice beast (D:5)
  An ogre (D:4)
  A scorpion (D:4)
  2 jellies
  3 gnolls (D:3)
  9 adders
  An ufetubus (D:4)
  3 worms
  3 dart slugs
  5 orcs
  4 endoplasms
  5 giant cockroaches
  7 goblins
  8 hobgoblins
  6 jackals
  A quokka (D:4)
  6 ball pythons
  4 bats
  4 frilled lizards
  5 kobolds
  6 rats
85 creatures vanquished.

Notes
Turn   | Place    | Note
-------+----------+-------------------------------------------
     0 | D:1      | lyrin the Deep Elf Reaver began the quest for the Orb.
     0 | D:1      | Reached XP level 1. HP: 12/12 MP: 6/6
    67 | D:1      | Found Olinij's Assorted Antiques.
   823 | D:2      | Reached XP level 2. HP: 6/16 MP: 8/8
  1134 | D:2      | Reached XP level 3. HP: 21/21 MP: 9/9
  1197 | D:2      | Found a faded altar of an unknown god.
  1570 | D:2      | Learned a level 3 spell: Stone Arrow
  1722 | D:2      | Found Moabus's Antique Weapon Shop.
  1963 | D:3      | Reached XP level 4. HP: 26/26 MP: 10/10
  2483 | D:3      | Found a hide-covered altar of Uskayaw.
  2523 | D:3      | Reached skill level 1 in Armour
  3045 | D:3      | Found an ornate altar of the Wu Jian Council.
  3050 | D:3      | Found a white marble altar of Elyvilon.
  3415 | D:3      | Reached skill level 1 in Earth Magic
  3484 | D:3      | Reached XP level 5. HP: 15/24 MP: 12/12
  3730 | D:4      | Found a runed translucent door.
  3731 | D:4      | Noticed an ogre
  3900 | D:4      | Learned a level 1 spell: Magic Dart
  4066 | D:4      | Reached XP level 6. HP: 35/35 MP: 4/14
  4294 | D:4      | Noticed lyrin's ghost (amateur DsGl)
  4479 | D:4      | Found a bloodstained altar of Trog.
  4570 | D:5      | Entered Level 5 of the Dungeon
  4650 | D:5      | Identified the +1 robe "Gutaachi" {rPois Str+4 Dex+5}
  4761 | D:5      | Noticed an ice beast
  4766 | D:5      | Killed an ice beast
  4829 | D:5      | Noticed Sigmund
  4856 | D:5      | Killed from afar by Sigmund

Illustrated notes

Levels and vault maps discovered:
D:1:      ldierk_walled_garden, layout_basic, serial_shops, shop,
          minmay_crystal_room
D:2:      layout_loops_ring, hellmonk_ecumenical_altar_heavens_door,
          serial_shops, shop_statue
D:3:      layout_basic, amcnicky_altar_gilded, mainiacjoe_overflow_big_doors,
          serial_aquarium, aquarium_bridge_square [aquarium_subvault_bridge,
          aquarium_subvault_wall, aquarium_subvault_bridge,
          aquarium_subvault_wall], aquarium_window_corner, aquarium_window_fake,
          aquarium_window_fake, aquarium_window_corridor_1, aquarium_view_2c,
          aquarium_view_2a, minmay_hedge_maze
D:4:      layout_basic, trog_book, ebering_ghost_sewer_d
D:5:      layout_cave_pools, temple_pool_b, st_stairs_12,
          corexii_hall_statues_l, minmay_increasing_density, uniq_menkaure,
          uniq_duvessa, uniq_sigmund, uniq_crazy_yiuf_cottage

Skill      XL: |  1  2  3  4  5  6 |
---------------+-------------------+-----
Conjurations   | 4 |  4.2
Dodging        | 3 |  3.8
Armour         | 1 2 |  2.4
Short Blades   | 4 |  4.3
Earth Magic    | 1 2 |  2.5
Fighting       | 2 |  2.3
Spellcasting   | 4 |  4.6

Action                     |  1- 3 |  4- 6 || total
---------------------------+-------+-------++-------
  Melee: Short sword       |    37 |       ||    37
         Dagger            |   101 |   143 ||   244
         Punch             |       |     1 ||     1
   Cast: Kiss of Death     |       |     2 ||     2
         Magic Dart        |       |    55 ||    55
         Stone Arrow       |       |     8 ||     8
    Use: Potion            |       |     7 ||     7
 Armour: Leather armour    |    37 |    46 ||    83
         Robe              |       |     2 ||     2
  Dodge: Dodged            |    61 |   122 ||   183

Table legend: (Time is in decaauts)
 A = Elapsed time spent in this place.
 B = Non-inter-level travel time spent in this place.
 C = Inter-level travel time spent in this place.
 D = Time resting spent in this place.
 E = Time spent auto-exploring this place.
 F = Levels seen in this place.
 G = Mean time per level.
                   A        B        C        D        E       F      G
               +--------+--------+--------+--------+--------+-----+--------+
         Total |   4820 |   4634 |    186 |    838 |   2766 |   5 |  964.0 |
       Dungeon |   4820 |   4634 |    186 |    838 |   2766 |   5 |  964.0 |
               +--------+--------+--------+--------+--------+-----+--------+

Top non-repeatable levels by time:
     D:3: 1383 daAuts
     D:2: 1304 daAuts
     D:4: 1097 daAuts
     D:1: 782 daAuts
     D:5: 252 daAuts
